Islanders vs Flyers

Created - Tuesday, January 19, 2016 at 12:07

Goals
1 2 3 T
Islanders 1 2 2 5
Flyers 2 1 1 4
Shots
1 2 3 T
Islanders 8 14 12 34
Flyers 13 6 9 28

1st period

1. Flyers , Evgeni Malkin 35 (Jakub Voracek, Justin Faulk) at 5:08
2. Islanders , Jamie Benn 35 (David Krejci, Kevin Klein) at 9:42
3. Flyers , Evgeni Malkin 36 (Corey Perry) at 19:40

Penalties :
P.K. Subban (Phi) for Interference (Minor) at 6:35, Erik Karlsson (NYI) for Tripping (Minor) at 12:12

2nd period

4. Islanders , Jamie Benn 36 (Paul Gaustad) at 1:19 (PP)
5. Flyers , P.K. Subban 8 (Justin Faulk, Taylor Hall) at 2:50
6. Islanders , Dustin Brown 13 (Frans Nielsen, Tyler Ennis) at 19:16 (PP)

Penalties :
Evgeni Malkin (Phi) for Hooking (Minor) at 0:07, Mark Giordano (Phi) for Tripping (Minor) at 3:35, Barret Jackman (Phi) for Fighting (Major) at 7:26, Jamie Benn (NYI) for Fighting (Major) at 7:26, Craig Adams (NYI) for Interference (Minor) at 16:20, Adam Lowry (Phi) for Hooking (Minor) at 19:02

3rd period

7. Islanders , Frans Nielsen 10 (Travis Hamonic, Tyler Ennis) at 1:17
8. Islanders , Jamie Benn 37 (David Krejci) at 16:04
9. Flyers , Taylor Hall 11 (Bryan Little) at 16:27

Penalties :
P.K. Subban (Phi) for Hooking (Minor) at 2:39, Dalton Prout (NYI) for Cross-checking (Minor) at 12:47

Goalie Stats

Braden Holtby (NYI), 24 saves from 28 shots - (0.857), W, 28-9-2, 60:00 minutes
Corey Crawford (Phi), 29 saves from 34 shots - (0.853), L, 25-6-1, 59:43 minutes

Players Stats for Islanders

Player Name              G  A  P  +/- PIM S  H  SB GA TA FO     MP     PP MP  PK MP  
------------------------------------------------------------------------------------
Carl Hagelin             0  0  0  -1  0   0  0  2  1  0  0/4    18:27   4:15   0:00 
Craig Adams              0  0  0   0  2   1  2  0  0  0  1/1    10:07   0:00   0:46 
Dalton Prout             0  0  0   0  2   0  1  1  0  1  0/0    15:12   0:00   1:15 
David Booth              0  0  0   0  0   0  0  0  1  1  0/1    14:46   0:00   1:10 
David Krejci             0  2  2   0  0   1  1  1  4  0  6/18   18:19   3:08   0:32 
Dustin Brown             1  0  1   0  0   2  2  0  2  1  0/0    15:39   5:39   0:00 
Erik Karlsson            0  0  0  -1  2   3  0  1  1  1  0/0    26:01   7:01   0:00 
Frans Nielsen            1  1  2  -1  0   5  0  1  3  0  7/16   17:17   4:15   0:00 
Jamie Benn               3  0  3   0  5   11 2  0  5  0  1/2    17:12   3:08   0:44 
Kevin Klein              0  1  1   0  0   2  3  0  0  0  0/0    20:40   0:00   3:32 
Lauri Korpikoski         0  0  0   0  0   0  3  1  3  0  0/0    12:29   0:00   4:03 
Marcel Goc               0  0  0   0  0   0  0  0  2  0  2/5     9:29   0:00   0:44 
Mirco Mueller            0  0  0   0  0   1  0  0  0  0  0/0    11:17   0:22   0:26 
Patrik Berglund          0  0  0   0  0   1  0  0  2  0  0/1     9:45   0:00   0:00 
Paul Gaustad             0  1  1   0  0   2  2  0  0  0  8/12   18:07   3:08   3:55 
Rob Scuderi              0  0  0  -1  0   1  0  1  0  0  0/0    23:05   1:44   4:16 
Travis Hamonic           0  1  1   0  0   1  2  1  0  0  0/0    18:50   0:00   2:25 
Tyler Ennis              0  2  2  -1  0   3  0  0  2  0  1/1    17:17   4:15   0:00 

Players Stats for Flyers

Player Name              G  A  P  +/- PIM S  H  SB GA TA FO     MP     PP MP  PK MP  
------------------------------------------------------------------------------------
Adam Lowry               0  0  0   0  2   1  0  0  1  1  0/0    10:59   0:00   0:27 
Barret Jackman           0  0  0  -1  5   1  0  4  0  0  0/0    15:13   0:00   4:41 
Bryan Little             0  1  1   2  0   0  0  1  0  0  12/22  20:13   3:21   6:07 
Corey Perry              0  1  1   2  0   2  4  0  0  0  0/0    17:28   2:36   0:00 
Evgeni Malkin            2  0  2   2  2   5  0  0  1  0  13/20  17:48   2:36   0:00 
Gabriel Landeskog        0  0  0  -2  0   4  2  0  1  0  0/0     9:01   0:00   0:00 
Jakub Voracek            0  1  1   2  0   1  0  0  2  0  0/0    17:49   2:36   0:00 
Justin Faulk             0  2  2   1  0   1  1  2  0  2  0/0    19:32   3:01   0:00 
Kyle Okposo              0  0  0   2  0   1  0  0  0  1  1/1    14:27   3:21   0:00 
Luke Glendening          0  0  0  -2  0   2  1  1  0  1  0/0    15:30   0:00   6:29 
Mark Giordano            0  0  0   1  2   1  0  1  0  2  0/0    22:52   2:56   2:28 
Mark Stuart              0  0  0  -1  0   0  0  5  0  2  0/0    17:37   0:00   4:41 
Nate Thompson            0  0  0  -1  0   0  0  0  1  1  2/9    11:26   0:00   0:27 
Niklas Kronwall          0  0  0   1  0   1  2  1  0  2  0/0    22:57   2:56   2:42 
P.K. Subban              1  0  1   0  4   2  1  0  2  2  0/0    23:35   3:01   0:14 
Riley Nash               0  0  0  -3  0   2  0  0  1  0  6/7    10:36   0:00   0:27 
Taylor Hall              1  1  2   2  0   3  1  1  2  0  0/1    14:06   3:21   0:00 
Torrey Mitchell          0  0  0   0  0   1  0  1  1  0  1/1    11:22   0:00   0:49 

3 Stars

1 - Jamie Benn (NYI)
2 - Taylor Hall (Phi)
3 - Evgeni Malkin (Phi)

Power Play

Islanders - 2 on 5 Attempt(s) - 40.00%
Flyers - 0 on 3 Attempt(s) - 0.00%

Penalty Kill

Islanders - 3 on 3 Attempt(s) - 100.00% - Score 0 goal in Penalty Kill
Flyers - 3 on 5 Attempt(s) - 60.00% - Score 0 goal in Penalty Kill

Team Stat

Islanders - Hits : 18 - Faceoff Wins : 26 - Blocked Shots : 9 - Penalty Minutes : 11
Flyers - Hits : 12 - Faceoff Wins : 35 - Blocked Shots : 17 - Penalty Minutes : 15

Official

Referees : Unknown
Linesman : Unknown

Game Notes

Barret Jackman and Jamie Benn fight to a draw at 7:26 of 2nd period
Jamie Benn has scored a Hat Trick!

Finance

Level 1 -- Attendance: 5601 (93.35%) -- Ticket Income $459,282
Level 2 -- Attendance: 4942 (98.84%) -- Ticket Income $247,100
Level 3 -- Attendance: 1952 (97.60%) -- Ticket Income $60,512
Level 4 -- Attendance: 2936 (73.40%) -- Ticket Income $55,784
Luxury Box -- Attendance: 999 (99.90%) -- Ticket Income $174,825
Game was played at the Wachovia Center.
Total Attendance: 16430 (91.28%)
Total Ticket Income: $997,503
Other Income: $488,776
Total Income: $1,486,279

Islanders

5 vs 5 Forward 
   Center                   Left Wing                Right Wing               Time % Phy DF OF 
 1 David Krejci             Jamie Benn               David Booth              33     1   2  2  
 2 Frans Nielsen            Carl Hagelin             Tyler Ennis              29     1   2  2  
 3 Paul Gaustad             Dustin Brown             Patrik Berglund          23     1   2  2  
 4 Marcel Goc               Craig Adams              Lauri Korpikoski         15     1   2  2  

5 vs 5 Defense 
   Defense                  Defense                                           Time % Phy DF OF 
 1 Erik Karlsson            Dalton Prout                                      33     1   2  2  
 2 Kevin Klein              Travis Hamonic                                    30     1   2  2  
 3 Mirco Mueller            Rob Scuderi                                       24     1   2  2  
 4 Erik Karlsson            Rob Scuderi                                       13     1   2  2  

PowerPlay Forward 
   Center                   Left Wing                Right Wing               Time % Phy DF OF 
 1 David Krejci             Jamie Benn               Paul Gaustad             70     1   2  2  
 2 Frans Nielsen            Carl Hagelin             Tyler Ennis              30     1   2  2  

PowerPlay Defense
   Defense                  Defense                                           Time % Phy DF OF 
 1 Erik Karlsson            Dustin Brown                                      60     1   2  2  
 2 Erik Karlsson            Rob Scuderi                                       40     1   2  2  

Penalty Kill 4 Players Forward 
   Center                   Wing                     Time % Phy DF OF 
 1 Paul Gaustad             Lauri Korpikoski         60     1   2  2  
 2 Marcel Goc               Jamie Benn               40     1   2  2  

Penalty Kill 4 Players Defense
   Defense                  Defense                  Time % Phy DF OF 
 1 Kevin Klein              Rob Scuderi              50     1   2  2  
 2 Dalton Prout             Travis Hamonic           50     1   2  2  

Penalty Kill - 3 Players Forward 
   Forward                                           Time % Phy DF OF 
 1 Paul Gaustad                                      60     1   2  2  
 2 Marcel Goc                                        40     1   2  2  

Penalty Kill - 3 Players Defense
   Defense                  Defense                  Time % Phy DF OF 
 1 Rob Scuderi              Kevin Klein              50     1   2  2  
 2 Dalton Prout             Travis Hamonic           50     1   2  2  

4 vs 4 Forward 
   Center                   Wing                     Time % Phy DF OF 
 1 David Krejci             Jamie Benn               60     1   2  2  
 2 Frans Nielsen            Dustin Brown             40     1   2  2  

4 vs 4 Defense
   Defense                  Defense                  Time % Phy DF OF 
 1 Erik Karlsson            Dalton Prout             60     1   2  2  
 2 Travis Hamonic           Rob Scuderi              40     1   2  2  

Last Minutes Offensive
   Center                   Left Wing                Right Wing               Defense                  Defense                  
   David Krejci             Jamie Benn               David Booth              Erik Karlsson            Travis Hamonic           

Last Minutes Defensive
   Center                   Left Wing                Right Wing               Defense                  Defense                  
   Paul Gaustad             Marcel Goc               Craig Adams              Rob Scuderi              Dalton Prout             

Goaltenders
Starting : Braden Holtby            
Backup : Andrew Hammond           

Extra Forwards
Normal : Jamie Benn, Carl Hagelin, Dustin Brown - PP : David Krejci, Jamie Benn - PK : Lauri Korpikoski
Extra Defensemen
Normal : Erik Karlsson, Dalton Prout, Travis Hamonic - PP : Erik Karlsson - PK : Rob Scuderi, Dalton Prout
Penalty Shots
Jamie Benn, Frans Nielsen, Tyler Ennis, Dustin Brown, Erik Karlsson

Flyers

5 vs 5 Forward 
   Center                   Left Wing                Right Wing               Time % Phy DF OF 
 1 Evgeni Malkin            Jakub Voracek            Corey Perry              35     0   0  5  
 2 Bryan Little             Taylor Hall              Kyle Okposo              30     0   1  4  
 3 Riley Nash               Gabriel Landeskog        Luke Glendening          22     0   3  2  
 4 Nate Thompson            Adam Lowry               Torrey Mitchell          13     1   3  1  

5 vs 5 Defense 
   Defense                  Defense                                           Time % Phy DF OF 
 1 P.K. Subban              Justin Faulk                                      35     0   1  4  
 2 Mark Giordano            Niklas Kronwall                                   35     0   2  3  
 3 Barret Jackman           Mark Stuart                                       25     1   3  1  
 4 P.K. Subban              Justin Faulk                                      5      0   1  4  

PowerPlay Forward 
   Center                   Left Wing                Right Wing               Time % Phy DF OF 
 1 Evgeni Malkin            Jakub Voracek            Corey Perry              60     0   0  5  
 2 Bryan Little             Taylor Hall              Kyle Okposo              40     0   1  4  

PowerPlay Defense
   Defense                  Defense                                           Time % Phy DF OF 
 1 P.K. Subban              Justin Faulk                                      60     0   0  5  
 2 Mark Giordano            Niklas Kronwall                                   40     0   2  3  

Penalty Kill 4 Players Forward 
   Center                   Wing                     Time % Phy DF OF 
 1 Bryan Little             Luke Glendening          65     0   4  1  
 2 Nate Thompson            Riley Nash               35     0   5  0  

Penalty Kill 4 Players Defense
   Defense                  Defense                  Time % Phy DF OF 
 1 Mark Stuart              Barret Jackman           55     0   4  1  
 2 Mark Giordano            Niklas Kronwall          45     0   5  0  

Penalty Kill - 3 Players Forward 
   Forward                                           Time % Phy DF OF 
 1 Bryan Little                                      60     0   5  0  
 2 Riley Nash                                        40     0   5  0  

Penalty Kill - 3 Players Defense
   Defense                  Defense                  Time % Phy DF OF 
 1 Mark Stuart              Barret Jackman           55     0   5  0  
 2 Niklas Kronwall          Mark Giordano            45     0   5  0  

4 vs 4 Forward 
   Center                   Wing                     Time % Phy DF OF 
 1 Evgeni Malkin            Gabriel Landeskog        60     0   0  5  
 2 Bryan Little             Riley Nash               40     0   1  4  

4 vs 4 Defense
   Defense                  Defense                  Time % Phy DF OF 
 1 Justin Faulk             P.K. Subban              60     0   1  4  
 2 Mark Giordano            Niklas Kronwall          40     0   1  4  

Last Minutes Offensive
   Center                   Left Wing                Right Wing               Defense                  Defense                  
   Evgeni Malkin            Jakub Voracek            Kyle Okposo              P.K. Subban              Mark Giordano            

Last Minutes Defensive
   Center                   Left Wing                Right Wing               Defense                  Defense                  
   Bryan Little             Torrey Mitchell          Luke Glendening          Mark Stuart              Niklas Kronwall          

Goaltenders
Starting : Corey Crawford           
Backup : Darcy Kuemper            

Extra Forwards
Normal : Gabriel Landeskog, Riley Nash, Luke Glendening - PP : Gabriel Landeskog, Riley Nash - PK : Torrey Mitchell
Extra Defensemen
Normal : Mark Giordano, Niklas Kronwall, Mark Stuart - PP : Mark Giordano - PK : P.K. Subban, Justin Faulk
Penalty Shots
Corey Perry, Evgeni Malkin, Kyle Okposo, Bryan Little, Jakub Voracek

% Time on Ice - Islanders

Lines # - Real PCT - Wanted PCT - Time Play
Normal Forward
1 - 33% - 33% - 15:08
2 - 29% - 29% - 13:34
3 - 21% - 23% - 9:45
4 - 17% - 15% - 7:46
Normal Defense
1 - 31% - 33% - 14:22
2 - 38% - 30% - 17:44
3 - 21% - 24% - 9:48
4 - 9% - 13% - 4:19
PP Forward
1 - 42% - 70% - 3:08
2 - 58% - 30% - 4:15
PP Defense
1 - 77% - 60% - 5:39
2 - 23% - 40% - 1:44
PK Forward
1 - 88% - 60% - 5:13
2 - 12% - 40% - 0:44
PK Defense
1 - 59% - 50% - 3:32
2 - 41% - 50% - 2:25
PK3 Forward
1 - 0% - 60%
2 - 0% - 40%
PK3 Defense
1 - 0% - 50%
2 - 0% - 50%
44 Forward
1 - 0% - 60%
2 - 0% - 40%
44 Defense
1 - 0% - 60%
2 - 0% - 40%
Last Minute Offensive  - 0:00
Last Minute Defensive  - 0:27
Total
Forward - 60:00
Defense - 60:00

% Time on Ice - Flyers

Lines # - Real PCT - Wanted PCT - Time Play
Normal Forward
1 - 34% - 35% - 15:34
2 - 26% - 30% - 11:53
3 - 19% - 22% - 9:01
4 - 21% - 13% - 9:51
Normal Defense
1 - 38% - 35% - 17:25
2 - 36% - 35% - 16:29
3 - 26% - 25% - 12:04
4 - 1% - 5% - 0:21
PP Forward
1 - 44% - 60% - 2:36
2 - 56% - 40% - 3:21
PP Defense
1 - 51% - 60% - 3:01
2 - 49% - 40% - 2:56
PK Forward
1 - 94% - 65% - 6:56
2 - 6% - 35% - 0:27
PK Defense
1 - 63% - 55% - 4:41
2 - 37% - 45% - 2:42
PK3 Forward
1 - 0% - 60%
2 - 0% - 40%
PK3 Defense
1 - 0% - 55%
2 - 0% - 45%
44 Forward
1 - 0% - 60%
2 - 0% - 40%
44 Defense
1 - 0% - 60%
2 - 0% - 40%
Last Minute Offensive  - 0:21
Last Minute Defensive  - 0:00
Total
Forward - 60:00
Defense - 60:00

Play by Play

1st period


0:01 of 1st period - David Krejci wins face-off versus Evgeni Malkin in neutral zone.
0:16 of 1st period - Jakub Voracek is hit by Jamie Benn and loses puck.
0:25 of 1st period - Slapshot by P.K. Subban.
0:25 of 1st period - Deflect By Corey Perry.
0:25 of 1st period - Stopped by Braden Holtby without a rebound.
0:26 of 1st period - Frans Nielsen wins face-off versus Bryan Little in Islanders zone.
1:30 of 1st period - Patrik Berglund is hit by Luke Glendening and loses puck.
1:37 of 1st period - Snap shot by Mirco Mueller.
1:37 of 1st period - Deflect By Mark Giordano.
1:37 of 1st period - Stopped by Corey Crawford with a rebound.
1:45 of 1st period - Slapshot by Erik Karlsson.
1:45 of 1st period - Shot Misses the Net.
2:28 of 1st period - Torrey Mitchell is hit by Lauri Korpikoski.
4:26 of 1st period - Slapshot by Niklas Kronwall.
4:26 of 1st period - Stopped by Braden Holtby with a rebound.
4:28 of 1st period - Slapshot by Mark Giordano.
4:28 of 1st period - Shot Hit the Post.
4:30 of 1st period - Slapshot by Niklas Kronwall.
4:30 of 1st period - Shot Blocked by Carl Hagelin.
4:32 of 1st period - Snap shot by Riley Nash.
4:32 of 1st period - Shot Blocked by Frans Nielsen.
5:08 of 1st period - Slapshot by Evgeni Malkin.
5:08 of 1st period - Goal by Evgeni Malkin - Islanders : 0 - Flyers : 1.
5:09 of 1st period - Paul Gaustad wins face-off versus Nate Thompson in neutral zone.
5:14 of 1st period - Justin Faulk is hit by Paul Gaustad and loses puck.
5:29 of 1st period - Wrist shot by Patrik Berglund.
5:29 of 1st period - Deflect By Paul Gaustad.
5:29 of 1st period - Stopped by Corey Crawford without a rebound.
5:30 of 1st period - Evgeni Malkin wins face-off versus David Krejci in Flyers zone.
6:07 of 1st period - Snap shot by Jamie Benn.
6:07 of 1st period - Stopped by Corey Crawford without a rebound.
6:08 of 1st period - Paul Gaustad wins face-off versus Bryan Little in Flyers zone.
6:35 of 1st period - Minor Penalty to P.K. Subban for Interference.
6:36 of 1st period - David Krejci wins face-off versus Bryan Little in Flyers zone.
6:37 of 1st period - Snap shot by Jamie Benn.
6:37 of 1st period - Shot Misses the Net.
6:39 of 1st period - Snap shot by Erik Karlsson.
6:39 of 1st period - Stopped by Corey Crawford with a rebound.
6:41 of 1st period - Slapshot by Erik Karlsson.
6:41 of 1st period - Deflect By David Krejci.
6:41 of 1st period - Shot Misses the Net.
6:41 of 1st period - Puck is out of play.
6:42 of 1st period - Paul Gaustad wins face-off versus Bryan Little in Flyers zone.
6:45 of 1st period - Slapshot by Jamie Benn.
6:45 of 1st period - Stopped by Corey Crawford with a rebound.
6:47 of 1st period - Snap shot by Paul Gaustad.
6:47 of 1st period - Shot Misses the Net.
6:49 of 1st period - Snap shot by David Krejci.
6:49 of 1st period - Shot Misses the Net.
8:35 of 1st period - Penalty to P.K. Subban is over, P.K. Subban is back on ice.
9:42 of 1st period - Snap shot by Jamie Benn.
9:42 of 1st period - Goal by Jamie Benn - Islanders : 1 - Flyers : 1.
9:43 of 1st period - Evgeni Malkin wins face-off versus David Krejci in neutral zone.
9:46 of 1st period - Jamie Benn is hit by Niklas Kronwall and loses puck.
9:59 of 1st period - Snap shot by Evgeni Malkin.
9:59 of 1st period - Shot Misses the Net.
11:39 of 1st period - Wrist shot by Frans Nielsen.
11:39 of 1st period - Shot Blocked by Taylor Hall.
11:47 of 1st period - Snap shot by Tyler Ennis.
11:47 of 1st period - Stopped by Corey Crawford with a rebound.
12:12 of 1st period - Minor Penalty to Erik Karlsson for Tripping.
12:13 of 1st period - Paul Gaustad wins face-off versus Bryan Little in Islanders zone.
13:06 of 1st period - Travis Hamonic is hit by P.K. Subban.
13:44 of 1st period - Snap shot by Evgeni Malkin.
13:44 of 1st period - Stopped by Braden Holtby with a rebound.
13:54 of 1st period - Snap shot by David Booth.
13:54 of 1st period - Deflect By Craig Adams.
13:54 of 1st period - Shot Blocked by Mark Giordano.
13:54 of 1st period - Puck is out of play.
13:55 of 1st period - Craig Adams wins face-off versus Bryan Little in Flyers zone.
14:12 of 1st period - Penalty to Erik Karlsson is over, Erik Karlsson is back on ice.
14:36 of 1st period - Snap shot by Gabriel Landeskog.
14:36 of 1st period - Shot Misses the Net.
14:38 of 1st period - Slapshot by Barret Jackman.
14:38 of 1st period - Shot Misses the Net.
14:40 of 1st period - Slapshot by Mark Stuart.
14:40 of 1st period - Deflect By Gabriel Landeskog.
14:40 of 1st period - Stopped by Braden Holtby without a rebound.
14:41 of 1st period - Frans Nielsen wins face-off versus Nate Thompson in Islanders zone.
15:03 of 1st period - Snap shot by Nate Thompson.
15:03 of 1st period - Deflect By Adam Lowry.
15:03 of 1st period - Stopped by Braden Holtby without a rebound.
15:04 of 1st period - Riley Nash wins face-off versus Jamie Benn in Islanders zone.
15:27 of 1st period - Snap shot by Jamie Benn.
15:27 of 1st period - Shot Misses the Net.
16:07 of 1st period - Snap shot by Mark Giordano.
16:07 of 1st period - Stopped by Braden Holtby with a rebound.
16:48 of 1st period - P.K. Subban is hit by Paul Gaustad and loses puck.
16:57 of 1st period - Slapshot by Patrik Berglund.
16:57 of 1st period - Stopped by Corey Crawford with a rebound.
17:37 of 1st period - Wrist shot by Jakub Voracek.
17:37 of 1st period - Deflect By Evgeni Malkin.
17:37 of 1st period - Shot Misses the Net.
17:37 of 1st period - Puck is out of play.
17:38 of 1st period - Evgeni Malkin wins face-off versus Frans Nielsen in Islanders zone.
17:49 of 1st period - Mark Stuart is hit by Kevin Klein.
18:00 of 1st period - Slapshot by Mark Stuart.
18:00 of 1st period - Shot Misses the Net.
18:02 of 1st period - Backhand shot by Jakub Voracek.
18:02 of 1st period - Shot Blocked by Travis Hamonic.
18:04 of 1st period - Snap shot by Corey Perry.
18:04 of 1st period - Stopped by Braden Holtby with a rebound.
18:06 of 1st period - Backhand shot by Mark Stuart.
18:06 of 1st period - Shot Blocked by Carl Hagelin.
18:46 of 1st period - Snap shot by Kyle Okposo.
18:46 of 1st period - Deflect By Taylor Hall.
18:46 of 1st period - Deflect By Erik Karlsson.
18:46 of 1st period - Shot Misses the Net.
18:46 of 1st period - Puck is out of play.
18:47 of 1st period - Riley Nash wins face-off versus Marcel Goc in Islanders zone.
18:50 of 1st period - Snap shot by Gabriel Landeskog.
18:50 of 1st period - Stopped by Braden Holtby without a rebound.
18:51 of 1st period - Riley Nash wins face-off versus Marcel Goc in Islanders zone.
18:56 of 1st period - Slapshot by Gabriel Landeskog.
18:56 of 1st period - Shot Misses the Net.
19:00 of 1st period - Wrist shot by Gabriel Landeskog.
19:00 of 1st period - Shot Misses the Net.
19:02 of 1st period - Snap shot by Justin Faulk.
19:02 of 1st period - Stopped by Braden Holtby with a rebound.
19:04 of 1st period - Snap shot by Luke Glendening.
19:04 of 1st period - Stopped by Braden Holtby with a rebound.
19:06 of 1st period - Snap shot by Riley Nash.
19:06 of 1st period - Shot Blocked by Dalton Prout.
19:08 of 1st period - Snap shot by Riley Nash.
19:08 of 1st period - Shot Blocked by Lauri Korpikoski.
19:10 of 1st period - Snap shot by Justin Faulk.
19:10 of 1st period - Deflect By Riley Nash.
19:10 of 1st period - Shot Misses the Net.
19:10 of 1st period - Puck is out of play.
19:11 of 1st period - Evgeni Malkin wins face-off versus David Krejci in Islanders zone.
19:26 of 1st period - Slapshot by Evgeni Malkin.
19:26 of 1st period - Shot Blocked by Rob Scuderi.
19:28 of 1st period - Wrist shot by Evgeni Malkin.
19:28 of 1st period - Stopped by Braden Holtby without a rebound.
19:29 of 1st period - Evgeni Malkin wins face-off versus David Krejci in Islanders zone.
19:40 of 1st period - Wrist shot by Evgeni Malkin.
19:40 of 1st period - Goal by Evgeni Malkin - Islanders : 1 - Flyers : 2.
19:41 of 1st period - Evgeni Malkin wins face-off versus Paul Gaustad in neutral zone.
Goals for this period are 1 for Islanders vs 2 for Flyers.
Shots for this period are 8 for Islanders vs 13 for Flyers.

2nd period


0:01 of 2nd period - Jamie Benn wins face-off versus Evgeni Malkin in neutral zone.
0:07 of 2nd period - Minor Penalty to Evgeni Malkin for Hooking.
0:08 of 2nd period - Bryan Little wins face-off versus David Krejci in Flyers zone.
0:08 of 2nd period - Bryan Little is hit by Dustin Brown.
0:31 of 2nd period - Snap shot by Jamie Benn.
0:31 of 2nd period - Stopped by Corey Crawford without a rebound.
0:32 of 2nd period - Frans Nielsen wins face-off versus Bryan Little in Flyers zone.
1:19 of 2nd period - Slapshot by Jamie Benn.
1:19 of 2nd period - Goal by Jamie Benn - Islanders : 2 - Flyers : 2.
1:20 of 2nd period - Evgeni Malkin wins face-off versus David Krejci in neutral zone.
1:41 of 2nd period - Wrist shot by Jamie Benn.
1:41 of 2nd period - Stopped by Corey Crawford with a rebound.
1:43 of 2nd period - Wrist shot by Jamie Benn.
1:43 of 2nd period - Stopped by Corey Crawford without a rebound.
1:44 of 2nd period - Nate Thompson wins face-off versus Paul Gaustad in Flyers zone.
1:56 of 2nd period - Off-side.
1:57 of 2nd period - Paul Gaustad wins face-off versus Nate Thompson in neutral zone.
2:12 of 2nd period - Slapshot by Erik Karlsson.
2:12 of 2nd period - Stopped by Corey Crawford with a rebound.
2:14 of 2nd period - Wrist shot by Dustin Brown.
2:14 of 2nd period - Shot Misses the Net.
2:16 of 2nd period - Slapshot by Paul Gaustad.
2:16 of 2nd period - Stopped by Corey Crawford without a rebound.
2:17 of 2nd period - David Krejci wins face-off versus Bryan Little in Flyers zone.
2:22 of 2nd period - Wrist shot by Jamie Benn.
2:22 of 2nd period - Shot Misses the Net.
2:46 of 2nd period - Slapshot by Taylor Hall.
2:46 of 2nd period - Shot Misses the Net.
2:48 of 2nd period - Slapshot by Justin Faulk.
2:48 of 2nd period - Shot Misses the Net.
2:50 of 2nd period - Slapshot by P.K. Subban.
2:50 of 2nd period - Goal by P.K. Subban - Islanders : 2 - Flyers : 3.
2:51 of 2nd period - Evgeni Malkin wins face-off versus Frans Nielsen in neutral zone.
3:35 of 2nd period - Minor Penalty to Mark Giordano for Tripping.
3:36 of 2nd period - David Krejci wins face-off versus Bryan Little in Flyers zone.
4:29 of 2nd period - Slapshot by Erik Karlsson.
4:29 of 2nd period - Shot Blocked by Barret Jackman.
4:31 of 2nd period - Snap shot by Erik Karlsson.
4:31 of 2nd period - Shot Blocked by Mark Stuart.
4:33 of 2nd period - Snap shot by Tyler Ennis.
4:33 of 2nd period - Shot Misses the Net.
5:20 of 2nd period - Icing by Rob Scuderi.
5:21 of 2nd period - Torrey Mitchell wins face-off versus Frans Nielsen in Islanders zone.
5:35 of 2nd period - Penalty to Mark Giordano is over, Mark Giordano is back on ice.
6:14 of 2nd period - Niklas Kronwall is hit by Lauri Korpikoski and loses puck.
6:33 of 2nd period - Snap shot by Dustin Brown.
6:33 of 2nd period - Stopped by Corey Crawford with a rebound.
6:35 of 2nd period - Snap shot by Paul Gaustad.
6:35 of 2nd period - Deflect By Dustin Brown.
6:35 of 2nd period - Shot Misses the Net.
6:35 of 2nd period - Puck is out of play.
6:36 of 2nd period - Bryan Little wins face-off versus Paul Gaustad in Flyers zone.
6:41 of 2nd period - Travis Hamonic is hit by Taylor Hall and loses puck.
7:26 of 2nd period - Barret Jackman and Jamie Benn fight to a draw.
7:26 of 2nd period - Penalty to Barret Jackman for Fighting.
7:26 of 2nd period - Penalty to Jamie Benn for Fighting.
7:27 of 2nd period - Frans Nielsen wins face-off versus Evgeni Malkin in neutral zone.
7:30 of 2nd period - Slapshot by Erik Karlsson.
7:30 of 2nd period - Deflect By Tyler Ennis.
7:30 of 2nd period - Shot Misses the Net.
7:30 of 2nd period - Puck is out of play.
7:31 of 2nd period - Evgeni Malkin wins face-off versus Frans Nielsen in Flyers zone.
7:45 of 2nd period - Slapshot by Dalton Prout.
7:45 of 2nd period - Shot Blocked by Mark Stuart.
7:55 of 2nd period - Snap shot by Tyler Ennis.
7:55 of 2nd period - Stopped by Corey Crawford with a rebound.
8:03 of 2nd period - Slapshot by Frans Nielsen.
8:03 of 2nd period - Shot Misses the Net.
8:05 of 2nd period - Snap shot by Frans Nielsen.
8:05 of 2nd period - Shot Blocked by Mark Stuart.
8:07 of 2nd period - Snap shot by Frans Nielsen.
8:07 of 2nd period - Stopped by Corey Crawford with a rebound.
8:09 of 2nd period - Snap shot by Erik Karlsson.
8:09 of 2nd period - Stopped by Corey Crawford without a rebound.
8:10 of 2nd period - Riley Nash wins face-off versus Carl Hagelin in Flyers zone.
8:21 of 2nd period - Wrist shot by Gabriel Landeskog.
8:21 of 2nd period - Shot Misses the Net.
8:23 of 2nd period - Slapshot by P.K. Subban.
8:23 of 2nd period - Shot Misses the Net.
8:25 of 2nd period - Wrist shot by Luke Glendening.
8:25 of 2nd period - Shot Blocked by David Krejci.
8:49 of 2nd period - Slapshot by Dustin Brown.
8:49 of 2nd period - Shot Misses the Net.
8:51 of 2nd period - Slapshot by Rob Scuderi.
8:51 of 2nd period - Stopped by Corey Crawford with a rebound.
8:53 of 2nd period - Wrist shot by Dustin Brown.
8:53 of 2nd period - Shot Blocked by Luke Glendening.
9:41 of 2nd period - Snap shot by Taylor Hall.
9:41 of 2nd period - Stopped by Braden Holtby with a rebound.
10:30 of 2nd period - Slapshot by Erik Karlsson.
10:30 of 2nd period - Shot Misses the Net.
10:32 of 2nd period - Wrist shot by Craig Adams.
10:32 of 2nd period - Stopped by Corey Crawford with a rebound.
11:41 of 2nd period - Snap shot by Taylor Hall.
11:41 of 2nd period - Shot Misses the Net.
12:11 of 2nd period - Slapshot by P.K. Subban.
12:11 of 2nd period - Stopped by Braden Holtby with a rebound.
13:26 of 2nd period - Niklas Kronwall is hit by Craig Adams and loses puck.
14:16 of 2nd period - Wrist shot by Jakub Voracek.
14:16 of 2nd period - Stopped by Braden Holtby without a rebound.
14:17 of 2nd period - Evgeni Malkin wins face-off versus David Krejci in Islanders zone.
14:48 of 2nd period - Slapshot by P.K. Subban.
14:48 of 2nd period - Shot Blocked by Erik Karlsson.
15:09 of 2nd period - Slapshot by Travis Hamonic.
15:09 of 2nd period - Stopped by Corey Crawford with a rebound.
16:20 of 2nd period - Minor Penalty to Craig Adams for Interference.
16:21 of 2nd period - Paul Gaustad wins face-off versus Evgeni Malkin in Islanders zone.
16:21 of 2nd period - Paul Gaustad is hit by Niklas Kronwall.
16:47 of 2nd period - Paul Gaustad is hit by Corey Perry and loses puck.
17:24 of 2nd period - Slapshot by Taylor Hall.
17:24 of 2nd period - Stopped by Braden Holtby with a rebound.
18:20 of 2nd period - Penalty to Craig Adams is over, Craig Adams is back on ice.
18:35 of 2nd period - P.K. Subban is hit by Craig Adams and loses puck.
18:46 of 2nd period - Kevin Klein is hit by Gabriel Landeskog and loses puck.
18:59 of 2nd period - Backhand shot by Gabriel Landeskog.
18:59 of 2nd period - Stopped by Braden Holtby without a rebound.
19:00 of 2nd period - Nate Thompson wins face-off versus Carl Hagelin in Islanders zone.
19:02 of 2nd period - Minor Penalty to Adam Lowry for Hooking.
19:03 of 2nd period - Frans Nielsen wins face-off versus Bryan Little in Flyers zone.
19:08 of 2nd period - Slapshot by Erik Karlsson.
19:08 of 2nd period - Shot Blocked by Bryan Little.
19:10 of 2nd period - Slapshot by Erik Karlsson.
19:10 of 2nd period - Shot Misses the Net.
19:12 of 2nd period - Slapshot by Tyler Ennis.
19:12 of 2nd period - Shot Blocked by Barret Jackman.
19:14 of 2nd period - Snap shot by Frans Nielsen.
19:14 of 2nd period - Shot Blocked by Mark Stuart.
19:16 of 2nd period - Slapshot by Dustin Brown.
19:16 of 2nd period - Goal by Dustin Brown - Islanders : 3 - Flyers : 3.
19:17 of 2nd period - Evgeni Malkin wins face-off versus Carl Hagelin in neutral zone.
19:22 of 2nd period - Frans Nielsen is hit by Corey Perry.
Goals for this period are 2 for Islanders vs 1 for Flyers.
Shots for this period are 14 for Islanders vs 6 for Flyers.

3rd period


0:01 of 3rd period - Bryan Little wins face-off versus David Krejci in neutral zone.
0:07 of 3rd period - Off-side.
0:08 of 3rd period - Bryan Little wins face-off versus David Booth in neutral zone.
0:11 of 3rd period - Backhand shot by Bryan Little.
0:11 of 3rd period - Shot Misses the Net.
0:32 of 3rd period - Slapshot by Kyle Okposo.
0:32 of 3rd period - Stopped by Braden Holtby with a rebound.
0:41 of 3rd period - Off-side.
0:42 of 3rd period - Riley Nash wins face-off versus Frans Nielsen in neutral zone.
1:15 of 3rd period - Snap shot by Frans Nielsen.
1:15 of 3rd period - Stopped by Corey Crawford with a rebound.
1:17 of 3rd period - Slapshot by Travis Hamonic.
1:17 of 3rd period - Deflect By Frans Nielsen.
1:17 of 3rd period - Goal by Frans Nielsen - Islanders : 4 - Flyers : 3.
1:18 of 3rd period - Kyle Okposo wins face-off versus David Krejci in neutral zone.
1:39 of 3rd period - Mirco Mueller is hit by Justin Faulk.
2:12 of 3rd period - Justin Faulk is hit by Dustin Brown and loses puck.
2:39 of 3rd period - Minor Penalty to P.K. Subban for Hooking.
2:40 of 3rd period - Bryan Little wins face-off versus Frans Nielsen in Flyers zone.
2:52 of 3rd period - Slapshot by Erik Karlsson.
2:52 of 3rd period - Shot Blocked by Barret Jackman.
3:37 of 3rd period - Wrist shot by Jamie Benn.
3:37 of 3rd period - Shot Misses the Net.
3:39 of 3rd period - Slapshot by David Krejci.
3:39 of 3rd period - Stopped by Corey Crawford without a rebound.
3:40 of 3rd period - Bryan Little wins face-off versus David Krejci in Flyers zone.
4:01 of 3rd period - Wrist shot by Jamie Benn.
4:01 of 3rd period - Stopped by Corey Crawford without a rebound.
4:02 of 3rd period - Bryan Little wins face-off versus Frans Nielsen in Flyers zone.
4:19 of 3rd period - Slapshot by Erik Karlsson.
4:19 of 3rd period - Shot Blocked by Niklas Kronwall.
4:36 of 3rd period - Barret Jackman is hit by David Krejci and loses puck.
4:39 of 3rd period - Penalty to P.K. Subban is over, P.K. Subban is back on ice.
4:47 of 3rd period - Snap shot by Jamie Benn.
4:47 of 3rd period - Shot Blocked by Barret Jackman.
4:49 of 3rd period - Snap shot by David Krejci.
4:49 of 3rd period - Deflect By Jamie Benn.
4:49 of 3rd period - Stopped by Corey Crawford without a rebound.
4:50 of 3rd period - David Krejci wins face-off versus Evgeni Malkin in Flyers zone.
5:10 of 3rd period - Justin Faulk is hit by Jamie Benn and loses puck.
5:23 of 3rd period - Snap shot by Evgeni Malkin.
5:23 of 3rd period - Shot Misses the Net.
5:34 of 3rd period - Icing by Erik Karlsson.
5:35 of 3rd period - Marcel Goc wins face-off versus Nate Thompson in Islanders zone.
5:40 of 3rd period - Niklas Kronwall is hit by Lauri Korpikoski and loses puck.
6:51 of 3rd period - Wrist shot by Tyler Ennis.
6:51 of 3rd period - Stopped by Corey Crawford without a rebound.
6:52 of 3rd period - Evgeni Malkin wins face-off versus Patrik Berglund in Flyers zone.
6:57 of 3rd period - Dustin Brown is hit by Corey Perry and loses puck.
7:14 of 3rd period - Snap shot by Evgeni Malkin.
7:14 of 3rd period - Shot Misses the Net.
8:26 of 3rd period - Off-side.
8:27 of 3rd period - Frans Nielsen wins face-off versus Taylor Hall in neutral zone.
8:30 of 3rd period - Slapshot by Erik Karlsson.
8:30 of 3rd period - Shot Blocked by Mark Stuart.
8:35 of 3rd period - Icing by Bryan Little.
8:36 of 3rd period - Bryan Little wins face-off versus Carl Hagelin in Flyers zone.
8:52 of 3rd period - Off-side.
8:53 of 3rd period - Evgeni Malkin wins face-off versus Marcel Goc in neutral zone.
8:58 of 3rd period - Wrist shot by Evgeni Malkin.
8:58 of 3rd period - Stopped by Braden Holtby without a rebound.
8:59 of 3rd period - Marcel Goc wins face-off versus Evgeni Malkin in Islanders zone.
9:51 of 3rd period - Niklas Kronwall is hit by Kevin Klein and loses puck.
10:44 of 3rd period - Snap shot by Jamie Benn.
10:44 of 3rd period - Stopped by Corey Crawford with a rebound.
11:30 of 3rd period - Wrist shot by Riley Nash.
11:30 of 3rd period - Stopped by Braden Holtby with a rebound.
11:32 of 3rd period - Slapshot by Gabriel Landeskog.
11:32 of 3rd period - Stopped by Braden Holtby without a rebound.
11:33 of 3rd period - Paul Gaustad wins face-off versus Nate Thompson in Islanders zone.
12:26 of 3rd period - P.K. Subban is hit by Travis Hamonic and loses puck.
12:47 of 3rd period - Minor Penalty to Dalton Prout for Cross-checking.
12:48 of 3rd period - Bryan Little wins face-off versus Paul Gaustad in Islanders zone.
14:31 of 3rd period - Rob Scuderi is hit by Corey Perry and loses puck.
14:47 of 3rd period - Penalty to Dalton Prout is over, Dalton Prout is back on ice.
15:02 of 3rd period - Riley Nash is hit by Dalton Prout and loses puck.
15:14 of 3rd period - Snap shot by Riley Nash.
15:14 of 3rd period - Stopped by Braden Holtby with a rebound.
15:16 of 3rd period - Slapshot by Barret Jackman.
15:16 of 3rd period - Deflect By Jamie Benn.
15:16 of 3rd period - Stopped by Braden Holtby with a rebound.
15:18 of 3rd period - Slapshot by Luke Glendening.
15:18 of 3rd period - Stopped by Braden Holtby without a rebound.
15:19 of 3rd period - Frans Nielsen wins face-off versus Nate Thompson in Islanders zone.
15:45 of 3rd period - Slapshot by Torrey Mitchell.
15:45 of 3rd period - Stopped by Braden Holtby without a rebound.
15:46 of 3rd period - Riley Nash wins face-off versus David Krejci in Islanders zone.
16:00 of 3rd period - Icing by Riley Nash.
16:01 of 3rd period - David Krejci wins face-off versus Riley Nash in Flyers zone.
16:04 of 3rd period - Snap shot by Jamie Benn.
16:04 of 3rd period - Goal by Jamie Benn - Islanders : 5 - Flyers : 3.
16:05 of 3rd period - Bryan Little wins face-off versus Frans Nielsen in neutral zone.
16:21 of 3rd period - Off-side.
16:22 of 3rd period - Bryan Little wins face-off versus Frans Nielsen in neutral zone.
16:27 of 3rd period - Wrist shot by Taylor Hall.
16:27 of 3rd period - Goal by Taylor Hall - Islanders : 5 - Flyers : 4.
16:28 of 3rd period - Bryan Little wins face-off versus David Krejci in neutral zone.
18:14 of 3rd period - Barret Jackman is hit by Travis Hamonic and loses puck.
18:23 of 3rd period - Paul Gaustad is hit by Gabriel Landeskog and loses puck.
18:50 of 3rd period - Wrist shot by Frans Nielsen.
18:50 of 3rd period - Stopped by Corey Crawford without a rebound.
18:51 of 3rd period - Bob Hartley call a timeout for Flyers.
18:51 of 3rd period - Tyler Ennis wins face-off versus Nate Thompson in Flyers zone.
18:54 of 3rd period - Wrist shot by Frans Nielsen.
18:54 of 3rd period - Stopped by Corey Crawford with a rebound.
19:00 of 3rd period - Wrist shot by Tyler Ennis.
19:00 of 3rd period - Shot Blocked by Justin Faulk.
19:02 of 3rd period - Slapshot by Kevin Klein.
19:02 of 3rd period - Shot Blocked by Torrey Mitchell.
19:04 of 3rd period - Wrist shot by Travis Hamonic.
19:04 of 3rd period - Shot Misses the Net.
19:06 of 3rd period - Slapshot by Travis Hamonic.
19:06 of 3rd period - Shot Blocked by Justin Faulk.
19:08 of 3rd period - Slapshot by Kevin Klein.
19:08 of 3rd period - Stopped by Corey Crawford with a rebound.
19:10 of 3rd period - Snap shot by Carl Hagelin.
19:10 of 3rd period - Shot Misses the Net.
19:27 of 3rd period - Slapshot by Frans Nielsen.
19:27 of 3rd period - Shot Misses the Net.
19:29 of 3rd period - Slapshot by Kevin Klein.
19:29 of 3rd period - Stopped by Corey Crawford with a rebound.
19:43 of 3rd period - Flyers, Corey Crawford is pulled from the net.
19:48 of 3rd period - Icing by Paul Gaustad.
19:49 of 3rd period - Paul Gaustad wins face-off versus Evgeni Malkin in Islanders zone.
19:56 of 3rd period - Evgeni Malkin is hit by Kevin Klein and loses puck.
Goals for this period are 2 for Islanders vs 1 for Flyers.
Shots for this period are 12 for Islanders vs 9 for Flyers.